[ PARTIDA AOE2 · #474560271 ]
UnrankedBohemios vs Portuguese
Equipo del jugador · VICT
Equipo rival · DERR
[ ANÁLISIS DE REPETICIÓN · EXTRAÍDO DE LA PARTIDA GRABADA ]
Feudal
9:32
Castillos
22:44
Imperial
33:20
| APM promedio | 57.9 |
| APM pico | 96 |
| eAPM promedio | 27.3 |
| Aldeanos / militares | 158 / 133 |
Foco
⚔️ 35.0% · 🌾 65.0%
Archer ×81 · Bombard Cannon ×13 · Scout Cavalry ×11 · Hussite Wagon ×7 · Spearman ×5 · Trebuchet (Packed) ×5
Feudal
9:15
Castillos
22:00
Imperial
39:14
| APM promedio | 51.1 |
| APM pico | 107 |
| eAPM promedio | 23.4 |
| Aldeanos / militares | 154 / 102 |
Foco
⚔️ 36.0% · 🌾 64.0%
Knight ×47 · Mangonel ×22 · Skirmisher ×20 · Scout Cavalry ×9 · Bombard Cannon ×3 · Scorpion ×1
Mapa de la partida
Recursos iniciales + cada clic de construcción. Líneas = muros · curvas = relieve. ◆ oro · ⬟ piedra · ● bayas · ✦ reliquia · ◌ hueco del cierre
Tu base· ✓ Cerrada en 22:44 · 63t muro · 1 puerta(s)
Base de Nullrn· Abierta — flanco sin cerrar
Terreno inicial suavizado · ◌ = hueco del cierre detectado · pasá el cursor para detalles
Inputs por minuto
— Funky-Kong - - Nullrn
Build order — Funky-Kong
Primeras 150 de 450 acciones detectadas
| 0:00 | Crear | Villager (Male) |
| 0:02 | Construir | House |
| 0:02 | Construir | House |
| 0:08 | Crear | Villager (Male) |
| 0:13 | Crear | Villager (Male) |
| 0:15 | Crear | Villager (Male) |
| 1:27 | Crear | Villager (Male) |
| 2:02 | Crear | Villager (Male) |
| 2:16 | Crear | Villager (Male) |
| 2:40 | Construir | Lumber Camp |
| 2:44 | Crear | Villager (Male) |
| 3:09 | Crear | Villager (Male) |
| 3:13 | Crear | Villager (Male) |
| 3:45 | Crear | Villager (Male) |
| 3:52 | Construir | House |
| 4:05 | Crear | Villager (Male) |
| 4:18 | Construir | Mill |
| 4:24 | Crear | Villager (Male) |
| 4:33 | Construir | House |
| 5:20 | Crear | Villager (Male) |
| 5:24 | Crear | Villager (Male) |
| 5:42 | Crear | Villager (Male) |
| 6:12 | Investigar | Loom |
| 6:36 | Construir | Barracks |
| 7:22 | Investigar | Feudal Age |
| 7:22 | Investigar | Feudal Age |
| 7:43 | Crear | Militia |
| 7:59 | Crear | Militia |
| 8:19 | Construir | Lumber Camp |
| 8:49 | Crear | Villager (Male) |
| 8:56 | Construir | House |
| 9:32 | Edad | Edad Feudal |
| 9:33 | Construir | Archery Range |
| 9:37 | Investigar | Double-Bit Axe |
| 9:43 | Crear | Villager (Male) |
| 9:54 | Crear | Spearman |
| 10:06 | Investigar | Horse Collar |
| 10:20 | Crear | Villager (Male) |
| 10:24 | Construir | Farm |
| 10:27 | Construir | Mining Camp |
| 10:34 | Construir | House |
| 10:54 | Crear | Villager (Male) |
| 11:09 | Construir | House |
| 11:11 | Construir | Palisade Wall |
| 11:14 | Construir | Farm |
| 11:17 | Construir | Farm |
| 11:22 | Construir | Farm |
| 11:38 | Crear | Villager (Male) |
| 12:05 | Crear | Spearman |
| 12:08 | Crear | Villager (Male) |
| 12:10 | Construir | Farm |
| 12:16 | Construir | Market |
| 12:22 | Crear | Archer |
| 12:29 | Construir | Palisade Wall |
| 12:32 | Construir | Palisade Wall |
| 12:33 | Crear | Villager (Male) |
| 12:36 | Construir | Farm |
| 12:45 | Crear | Archer |
| 12:47 | Crear | Villager (Male) |
| 12:58 | Construir | Palisade Wall |
| 12:59 | Construir | Palisade Wall |
| 13:01 | Construir | Palisade Wall |
| 13:12 | Construir | Farm |
| 13:13 | Crear | Villager (Male) |
| 13:17 | Crear | Archer |
| 13:43 | Construir | Farm |
| 13:45 | Crear | Villager (Male) |
| 13:51 | Construir | Farm |
| 14:03 | Crear | Villager (Male) |
| 14:11 | Construir | House |
| 14:16 | Crear | Villager (Male) |
| 14:19 | Construir | Farm |
| 14:21 | Construir | Farm |
| 14:25 | Construir | Farm |
| 14:30 | Crear | Spearman |
| 14:32 | Crear | Villager (Male) |
| 14:40 | Crear | Villager (Male) |
| 14:42 | Construir | Farm |
| 14:48 | Crear | Archer |
| 15:01 | Construir | House |
| 15:02 | Construir | Palisade Wall |
| 15:12 | Construir | Palisade Wall |
| 15:19 | Construir | Farm |
| 15:19 | Crear | Villager (Male) |
| 15:25 | Crear | Skirmisher |
| 15:42 | Construir | Farm |
| 15:46 | Crear | Archer |
| 15:56 | Construir | Blacksmith |
| 15:59 | Construir | House |
| 16:00 | Construir | Palisade Wall |
| 16:08 | Crear | Villager (Male) |
| 16:24 | Crear | Villager (Male) |
| 16:27 | Construir | House |
| 16:52 | Crear | Archer |
| 16:53 | Crear | Villager (Male) |
| 17:01 | Crear | Archer |
| 17:07 | Crear | Spearman |
| 17:15 | Crear | Villager (Male) |
| 17:33 | Investigar | Fletching |
| 17:47 | Crear | Villager (Male) |
| 17:57 | Construir | Palisade Gate |
| 17:57 | Crear | Villager (Male) |
| 18:01 | Construir | House |
| 18:07 | Crear | Villager (Male) |
| 18:13 | Construir | Farm |
| 18:17 | Construir | Farm |
| 18:17 | Crear | Villager (Male) |
| 18:28 | Crear | Villager (Male) |
| 18:53 | Construir | Palisade Gate |
| 18:55 | Construir | Palisade Wall |
| 18:56 | Construir | Palisade Wall |
| 18:57 | Construir | Palisade Wall |
| 18:59 | Construir | Palisade Wall |
| 19:10 | Crear | Villager (Male) |
| 19:17 | Construir | Farm |
| 19:18 | Crear | Villager (Male) |
| 19:25 | Crear | Villager (Male) |
| 19:37 | Crear | Villager (Male) |
| 19:48 | Construir | Palisade Gate |
| 19:54 | Construir | Farm |
| 19:58 | Construir | Farm |
| 19:59 | Construir | Farm |
| 20:03 | Investigar | Castle Age |
| 20:21 | Crear | Archer |
| 20:32 | Construir | Archery Range |
| 20:36 | Crear | Archer |
| 20:38 | Investigar | Padded Archer Armor |
| 20:47 | Construir | House |
| 20:51 | Construir | Lumber Camp |
| 20:55 | Crear | Archer |
| 20:59 | Crear | Villager (Male) |
| 21:17 | Crear | Archer |
| 21:21 | Crear | Spearman |
| 21:33 | Crear | Archer |
| 21:33 | Crear | Archer |
| 21:37 | Crear | Archer |
| 21:58 | Crear | Archer |
| 22:42 | Crear | Villager (Male) |
| 22:44 | Edad | Edad de los Castillos |
| 22:46 | Construir | Siege Workshop |
| 22:48 | Investigar | Crossbowman (upgrade) |
| 22:49 | Investigar | Bodkin Arrow |
| 22:51 | Investigar | Squires |
| 22:52 | Investigar | Bow Saw |
| 22:53 | Investigar | Heavy Plow |
| 22:57 | Investigar | Wheelbarrow |
| 23:00 | Crear | Villager (Male) |
| 23:07 | Construir | Town Center |
| 23:12 | Crear | Villager (Male) |
| 23:17 | Crear | Archer |
Build order — Nullrn
Primeras 150 de 480 acciones detectadas
| 0:00 | Crear | Villager (Male) |
| 0:01 | Crear | Villager (Male) |
| 0:02 | Construir | House |
| 0:03 | Construir | House |
| 0:20 | Crear | Villager (Male) |
| 0:21 | Crear | Villager (Male) |
| 1:33 | Crear | Villager (Male) |
| 1:52 | Construir | Lumber Camp |
| 2:03 | Crear | Villager (Male) |
| 2:03 | Crear | Villager (Male) |
| 2:15 | Crear | Villager (Male) |
| 2:45 | Crear | Villager (Male) |
| 3:01 | Crear | Villager (Male) |
| 3:01 | Crear | Villager (Male) |
| 3:42 | Crear | Villager (Male) |
| 3:50 | Construir | House |
| 3:52 | Construir | House |
| 4:04 | Crear | Villager (Male) |
| 4:31 | Crear | Villager (Male) |
| 4:50 | Crear | Villager (Male) |
| 5:09 | Crear | Villager (Male) |
| 5:33 | Crear | Villager (Male) |
| 5:33 | Crear | Villager (Male) |
| 5:33 | Crear | Villager (Male) |
| 5:47 | Construir | Mill |
| 5:50 | Crear | Villager (Male) |
| 6:18 | Investigar | Loom |
| 6:28 | Construir | Palisade Wall |
| 7:05 | Investigar | Feudal Age |
| 7:13 | Construir | Palisade Wall |
| 7:33 | Construir | Palisade Wall |
| 7:49 | Construir | Barracks |
| 7:59 | Construir | House |
| 8:44 | Construir | House |
| 9:13 | Crear | Villager (Male) |
| 9:13 | Crear | Villager (Male) |
| 9:15 | Edad | Edad Feudal |
| 9:19 | Investigar | Double-Bit Axe |
| 9:24 | Construir | Stable |
| 9:54 | Crear | Villager (Male) |
| 10:07 | Crear | Villager (Male) |
| 10:28 | Construir | House |
| 10:38 | Construir | Farm |
| 10:42 | Construir | Farm |
| 10:44 | Crear | Villager (Male) |
| 10:46 | Crear | Scout Cavalry |
| 10:50 | Construir | Farm |
| 11:02 | Construir | Farm |
| 11:11 | Crear | Villager (Male) |
| 11:13 | Construir | Farm |
| 11:16 | Construir | Farm |
| 11:24 | Crear | Villager (Male) |
| 11:31 | Construir | Farm |
| 11:34 | Construir | Farm |
| 11:36 | Construir | Farm |
| 11:39 | Construir | Farm |
| 11:49 | Construir | Palisade Wall |
| 11:56 | Crear | Villager (Male) |
| 12:10 | Crear | Villager (Male) |
| 12:16 | Construir | Farm |
| 12:43 | Construir | Mining Camp |
| 12:50 | Crear | Villager (Male) |
| 12:54 | Construir | Farm |
| 13:01 | Investigar | Horse Collar |
| 13:01 | Investigar | Horse Collar |
| 13:34 | Crear | Scout Cavalry |
| 13:35 | Crear | Villager (Male) |
| 13:36 | Crear | Villager (Male) |
| 13:36 | Crear | Villager (Male) |
| 13:43 | Construir | House |
| 13:51 | Construir | House |
| 14:09 | Construir | Blacksmith |
| 14:13 | Construir | House |
| 14:15 | Crear | Scout Cavalry |
| 14:15 | Crear | Scout Cavalry |
| 14:32 | Crear | Villager (Male) |
| 14:42 | Construir | Palisade Wall |
| 14:53 | Crear | Scout Cavalry |
| 14:56 | Construir | Palisade Wall |
| 15:03 | Construir | Farm |
| 15:04 | Construir | Farm |
| 15:07 | Construir | Farm |
| 15:10 | Crear | Scout Cavalry |
| 15:12 | Investigar | Scale Barding Armor |
| 15:12 | Investigar | Scale Barding Armor |
| 15:19 | Construir | Palisade Wall |
| 15:24 | Crear | Villager (Male) |
| 15:38 | Crear | Villager (Male) |
| 15:38 | Crear | Villager (Male) |
| 15:56 | Crear | Villager (Male) |
| 15:59 | Construir | Farm |
| 16:07 | Construir | Farm |
| 16:47 | Crear | Scout Cavalry |
| 16:48 | Crear | Scout Cavalry |
| 16:48 | Crear | Scout Cavalry |
| 16:54 | Crear | Villager (Male) |
| 17:01 | Construir | Archery Range |
| 17:04 | Crear | Villager (Male) |
| 17:06 | Construir | Farm |
| 17:18 | Construir | Farm |
| 17:20 | Construir | Farm |
| 17:30 | Construir | Palisade Wall |
| 17:42 | Construir | Farm |
| 17:45 | Construir | Farm |
| 17:56 | Crear | Villager (Male) |
| 17:56 | Crear | Villager (Male) |
| 18:03 | Crear | Skirmisher |
| 18:27 | Crear | Villager (Male) |
| 18:29 | Crear | Skirmisher |
| 18:31 | Construir | Mining Camp |
| 18:33 | Construir | House |
| 18:57 | Investigar | Fletching |
| 18:58 | Investigar | Fletching |
| 19:02 | Construir | House |
| 19:03 | Construir | House |
| 19:14 | Crear | Villager (Male) |
| 19:20 | Investigar | Castle Age |
| 19:52 | Crear | Skirmisher |
| 19:52 | Crear | Skirmisher |
| 19:54 | Investigar | Fletching |
| 19:54 | Investigar | Fletching |
| 20:09 | Construir | House |
| 20:10 | Construir | House |
| 20:12 | Construir | House |
| 20:13 | Construir | House |
| 20:24 | Investigar | Padded Archer Armor |
| 20:24 | Investigar | Padded Archer Armor |
| 20:33 | Crear | Skirmisher |
| 21:08 | Investigar | Gold Mining |
| 21:08 | Investigar | Gold Mining |
| 21:19 | Crear | Skirmisher |
| 21:19 | Crear | Skirmisher |
| 21:43 | Investigar | Bloodlines |
| 21:43 | Investigar | Bloodlines |
| 21:47 | Construir | Stable |
| 21:51 | Crear | Skirmisher |
| 22:00 | Edad | Edad de los Castillos |
| 22:02 | Investigar | Chain Barding Armor |
| 22:02 | Investigar | Chain Barding Armor |
| 22:06 | Crear | Villager (Male) |
| 22:17 | Crear | Knight |
| 22:29 | Crear | Knight |
| 22:35 | Construir | Town Center |
| 22:42 | Crear | Villager (Male) |
| 22:42 | Crear | Villager (Male) |
| 22:54 | Construir | House |
| 23:03 | Crear | Knight |
| 23:10 | Construir | Siege Workshop |
| 23:12 | Crear | Villager (Male) |
| 23:12 | Crear | Villager (Male) |
Cronología de la partida
| 6:28 | Nullrn · wall_segment Palisade Wall x4 |
| 6:36 | Funky-Kong · first_building Barracks |
| 7:13 | Nullrn · wall_segment Palisade Wall x1 |
| 7:33 | Nullrn · wall_segment Palisade Wall x15 |
| 7:49 | Nullrn · first_building Barracks |
| 9:15 | Nullrn · age_up feudal |
| 9:24 | Nullrn · first_building Stable |
| 9:32 | Funky-Kong · age_up feudal |
| 9:33 | Funky-Kong · first_building Archery Range |
| 11:11 | Funky-Kong · wall_segment Palisade Wall x5 |
| 11:49 | Nullrn · wall_segment Palisade Wall x1 |
| 12:29 | Funky-Kong · wall_segment Palisade Wall x3 |
| 12:32 | Funky-Kong · wall_segment Palisade Wall x13 |
| 12:58 | Funky-Kong · wall_segment Palisade Wall x1 |
| 12:59 | Funky-Kong · wall_segment Palisade Wall x1 |
| 13:01 | Funky-Kong · wall_segment Palisade Wall x1 |
| 14:42 | Nullrn · wall_segment Palisade Wall x1 |
| 14:56 | Nullrn · wall_segment Palisade Wall x2 |
| 15:02 | Funky-Kong · wall_segment Palisade Wall x4 |
| 15:12 | Funky-Kong · wall_segment Palisade Wall x24 |
| 15:19 | Nullrn · wall_segment Palisade Wall x7 |
| 16:00 | Funky-Kong · wall_segment Palisade Wall x8 |
| 17:01 | Nullrn · first_building Archery Range |
| 17:30 | Nullrn · wall_segment Palisade Wall x3 |
| 18:55 | Funky-Kong · wall_segment Palisade Wall x1 |
| 18:56 | Funky-Kong · wall_segment Palisade Wall x1 |
| 18:57 | Funky-Kong · wall_segment Palisade Wall x1 |
| 18:59 | Funky-Kong · wall_segment Palisade Wall x1 |
| 22:00 | Nullrn · age_up castle |
| 22:44 | Funky-Kong · age_up castle |
| 22:46 | Funky-Kong · first_building Siege Workshop |
| 23:10 | Nullrn · first_building Siege Workshop |
| 23:24 | Funky-Kong · first_market_sell 100 food |
| 26:20 | Funky-Kong · first_building Monastery |
| 27:46 | Nullrn · first_building Castle |
| 32:06 | Funky-Kong · first_building Castle |
| 33:20 | Funky-Kong · age_up imperial |
| 35:59 | Nullrn · first_market_sell 100 food |
| 37:32 | Nullrn · first_market_buy 100 wood |
| 39:14 | Nullrn · age_up imperial |
| 39:36 | Funky-Kong · first_market_buy 100 food |
| 45:00 | Funky-Kong · first_building Stable |
| 48:48 | Nullrn · resign |
[ ANÁLISIS IA · 1 CRÉDITO ]
¿Qué pasó realmente en esta partida?
Wolo.gg analiza cada decisión: build order, eco, micro, errores típicos por bracket. Análisis personalizado por WhatsApp o Discord en 30 segundos.
Guía civ
Bohemios
Perfil
Jugador #436451